 Dungeon Crawl Stone Soup version 0.28.0 (webtiles) character file.

Game seed: 12816802008675259799

1876 GrayStillPlays the Shield-Bearer (level 9, -5/73 HPs)
             Began as a Gnoll Fighter on Feb 7, 2022.
             Was an Initiate of Ashenzari.
             Slain by Joseph (10 damage)
             ... on level 7 of the Dungeon.
             The game lasted 00:14:50 (6493 turns).

GrayStillPlays the Shield-Bearer (Gnoll Fighter)    Turns: 6493, Time: 00:14:51

Health: -5/73      AC: 14    Str: 16    XL:     9   Next: 14%
Magic:  14/14      EV: 10    Int: 17    God:    Ashenzari [......]
Gold:   398        SH:  6    Dex: 12    Spells: 15/15 levels left

rFire   . . .      SeeInvis .   p - +8 falchion "Mystuaj" {holy, rC++ rCorr Int+6, long}
rCold   + + .      Faith    +   c - +0 buckler "Thunder Perfect Mind" {Cun, Elem} (curse)
rNeg    + . .      Spirit   .   b - +0 scale mail
rPois   .          Reflect  .   n - +1 helmet
rElec   .          Harm     .   (no cloak)
rCorr   +          Rampage  .   (no gloves)
Will    .....                   (no boots)
Stlth   +.........              q - amulet of faith {!P}
HPRegen 0.22/turn               w - +4 ring of protection
MPRegen 0.14/turn               o - ring of positive energy

@: no status effects
A: fangs 1, strong nose, distributed training
a: Renounce Religion, Curse Item, Shatter the Chains


You were on level 7 of the Dungeon.
You worshipped Ashenzari.
Ashenzari was noncommittal.
You visited 1 branch of the dungeon, and saw 7 of its levels.

You collected 398 gold pieces.


Innate Abilities, Weirdness & Mutations

You have very sharp teeth.
Your uncanny sense of smell can sniff out nearby items.
Your experience applies equally to all skills.


   Skills:
 + Level 7.7 Fighting
 + Level 3.9 Short Blades
 + Level 3.9 Long Blades
 + Level 6.1 Axes
 + Level 3.9 Maces & Flails
 + Level 3.9 Polearms
 + Level 3.9 Staves
 + Level 3.9 Slings
 + Level 3.9 Bows
 + Level 3.9 Crossbows
 + Level 3.9 Throwing
 + Level 7.7 Armour
 + Level 3.9(4.3) Dodging
 + Level 3.9(4.3) Stealth
 + Level 7.7 Shields
 + Level 3.9 Unarmed Combat
 + Level 3.9 Spellcasting
 + Level 3.2 Conjurations
 + Level 3.2 Hexes
 + Level 3.2 Summonings
 + Level 3.2 Necromancy
 + Level 3.2 Translocations
 + Level 3.2 Transmutations
 + Level 3.2(3.6) Fire Magic
 + Level 3.2(3.6) Ice Magic
 + Level 3.2(3.6) Air Magic
 + Level 3.2(3.6) Earth Magic
 + Level 3.2 Poison Magic
 + Level 4.3 Invocations
 + Level 3.9 Evocations


You had 15 spell levels left.
You didn't know any spells.
Your spell library contained the following spells:

 Spells                   Type           Power      Damage    Failure   Level
 Beastly Appendage        Tmut           28%        N/A       16%         1
 Ensorcelled Hibernation  Hex/Ice        30%        N/A       22%         2
 Portal Projectile        Hex/Tloc       28%        N/A       43%         3
 Spider Form              Tmut/Pois      14%        N/A       43%         3
 Tukima's Dance           Hex            14%        N/A       43%         3
 Anguish                  Hex/Necr       7%         N/A       83%         4
 Freezing Cloud           Conj/Ice/Air   7%         6-21      98%         5
 Blade Hands              Tmut           7%         N/A       99%         5
 Excruciating Wounds      Necr           7%         N/A       99%         5
 Enfeeble                 Hex            7%         N/A       100%        7

Inventory:

Hand Weapons
 a - a +0 war axe {axe}
 p - the +8 falchion "Mystuaj" (weapon) {holy, rC++ rCorr Int+6, long}
   (You took it off a hobgoblin on level 3 of the Dungeon)

   It has been blessed by the Shining One to cause great damage to the undead
   and demons.
   Int:       It affects your intelligence (+6).
   rC:        It greatly protects you from cold.
   rCorr:     It protects you from acid and corrosion.
Missiles
 f - 98 arrows
 g - 182 stones (quivered) {throwing}
 t - 46 bolts
 z - a throwing net {=f!fthrowing}
Armour
 b - a +0 scale mail (worn)
 c - the cursed +0 buckler "Thunder Perfect Mind" (worn) {Cun, Elem}

   It has a curse which improves the following skills: Cunning: Dodging and
   Stealth.
   Elements:  Fire Magic, Ice Magic, Air Magic and Earth Magic.
 n - a +1 helmet (worn)
   (You found it on level 3 of the Dungeon)
 y - a +1 leather armour of fire resistance
   (You took it off an orc on level 6 of the Dungeon)
 E - a +0 pair of boots
   (You found it on level 7 of the Dungeon)
 F - a +3 scale mail of fire resistance
   (You found it on level 7 of the Dungeon)
Magical Staves
 e - a staff of fire {!astaff}
   (You found it on level 3 of the Dungeon)
 k - a staff of air {!astaff}
   (You found it on level 2 of the Dungeon)
Jewellery
 o - a ring of positive energy (right hand)
   (You found it on level 5 of the Dungeon)
 q - an amulet of faith (around neck) {!P}
   (You found it on level 3 of the Dungeon)
 w - a +4 ring of protection (left hand)
   (You found it on level 4 of the Dungeon)
Wands
 v - a wand of flame (33)
   (You found it on level 4 of the Dungeon)
Scrolls
 h - 4 scrolls of teleportation {@r4}
 i - 3 scrolls of immolation {!r!r}
 j - 3 scrolls of fear {unknown}
 m - 3 scrolls of noise {unknown}
 r - 3 scrolls of identify {@r1}
 s - a scroll of fog {unknown}
 u - a scroll of brand weapon {unknown}
 C - a scroll of summoning {unknown}
Potions
 x - a potion of lignification {unknown}
 B - a potion of haste {unknown}

Dungeon Overview and Level Annotations

Branches:
Dungeon (7/15)             Temple (0/1) D:5

Altars:
Ashenzari
Elyvilon
Gozag
Hepliaklqana
Makhleb
Uskayaw
Vehumet
Zin
The Shining One

Annotations:
D:3 3 runed translucent doors, HallandMoats's ghost, novice OpMo
D:7 Joseph

..............#.#
#....(......#.#####
#####(.........#.#....
#..................# #
#..................# ..
#..................#.##
#........#.####........
#........#@# #...##.##
#........#@# #...#
#........#.####@..#
#........#........#
#........######...#
#.......># #...#
#.......## #...#
######### #####


You could see Joseph.


Message History

You take 4 damage, and now have 66/73 hp.
You throw a poisoned dart {throwing}.
The poisoned dart {throwing} hits Joseph.
Joseph looks even sicker.
You throw a poisoned dart {throwing}.
The poisoned dart {throwing} hits Joseph.
Joseph looks even sicker.
A howler monkey skeleton comes into view.
Joseph shoots a sling bullet.
The sling bullet closely misses you.
Joseph shouts, "Wow!"
Joseph shoots a sling bullet.
The sling bullet hits you! 😮 HP[-13]
You take 13 damage, and now have 53/73 hp.
You are too injured to fight recklessly!
Throw: 184 stones {throwing}
Press: ? - help, Q - select action, (/) - cycle Shift-Dir - straight line, f/p - Joseph
Aim: Joseph, wielding a +0 hunting sling, wearing a +0 ring mail and quivering sling bullets (moderately wounded, very poisoned, 65% to hit)
You throw a stone {throwing}.
The stone {throwing} barely misses Joseph.
Joseph shoots a sling bullet.
The sling bullet hits you. 😮 HP[-6]
You take 6 damage, and now have 47/73 hp.
Throw: 183 stones {throwing}
Press: ? - help, Q - select action, (/) - cycle Shift-Dir - straight line, f/p - Joseph
Aim: Joseph, wielding a +0 hunting sling, wearing a +0 ring mail and quivering sling bullets (moderately wounded, very poisoned, 65% to hit)
You throw a stone {throwing}.
The stone {throwing} closely misses Joseph.
Joseph shoots a sling bullet.
The sling bullet hits you!!
* * * LOW HITPOINT WARNING * * *
😨 HP[-20]
You take 20 damage, and now have 27/73 hp.
MASSIVE DAMAGE!! (PAUSE) Joseph shoots a sling bullet.
The sling bullet hits you.
* * * LOW HITPOINT WARNING * * *
😨 HP[-4]
You take 4 damage, and now have 23/73 hp. 😨 HP[+1] 😨 HP[+1] 😨 HP[+1]
You hit the howler monkey skeleton.
The howler monkey skeleton convulses.
The howler monkey skeleton hits you but does no damage.
You slash the howler monkey skeleton!
The howler monkey skeleton convulses.
Joseph shoots a sling bullet.
The sling bullet hits you but does no damage.
The howler monkey skeleton barely misses you.
Joseph shoots a sling bullet.
The sling bullet hits you!
* * * LOW HITPOINT WARNING * * *
😱 HP[-9]
You take 9 damage, and now have 17/73 hp.
You hit the howler monkey skeleton.
You destroy the howler monkey skeleton!
Joseph shoots a sling bullet.
The sling bullet hits you but does no damage. 😱 HP[+1] Joseph shoots a sling bullet.
You block the sling bullet. 😨 HP[+1] Joseph shoots a sling bullet.
The sling bullet hits you.
* * * LOW HITPOINT WARNING * * *
😱 HP[-3]
You take 3 damage, and now have 16/73 hp.
As you read the scroll of identify {@r1}, it crumbles to dust.
D - 2 potions of curing You feel better. 😨 HP[+6]
You regained 6 hp, and now have 22/73 hp. 😨 HP[+1] Joseph unwields a +0 hunting sling.
Joseph wields a +0 quarterstaff.
Joseph hits you with a +0 quarterstaff.
* * * LOW HITPOINT WARNING * * *
😱 HP[-5]
You take 5 damage, and now have 18/73 hp.
You barely miss Joseph. Joseph hits you with a +0 quarterstaff!
* * * LOW HITPOINT WARNING * * *
😱 HP[-9]
You take 9 damage, and now have 9/73 hp.
You slash Joseph! You bite Joseph, but do no damage. You block Joseph's attack.
Joseph hits you but does no damage.
You feel better. Joseph hits you with a +0 quarterstaff!
* * * LOW HITPOINT WARNING * * *
😱 HP[+1]
You hit Joseph. You bite Joseph, but do no damage.
You block the killer bee's attack.
The killer bee stings you but does no damage.
Joseph hits you with a +0 quarterstaff.
* * * LOW HITPOINT WARNING * * *
😱 HP[-2]
You take 2 damage, and now have 8/73 hp.
The killer bee stings you but does no damage.
The killer bee stings you.
* * * LOW HITPOINT WARNING * * *
😱 HP[-4]
You take 4 damage, and now have 4/73 hp.
You hit the killer bee.
The killer bee stings you but does no damage.
The killer bee closely misses you. 😱 HP[+1]
You slash the killer bee!
You kill the killer bee!
You slash Joseph! Joseph hits you with a +0 quarterstaff!
You die...

Skill      XL: |  1  2  3  4  5  6  7  8 |
---------------+-------------------------+-----
Invocations    | 1 2 3 4 |  4.3
Short Blades   | 1 2 3 |  3.9
Long Blades    | 1 2 3 |  3.9
Maces & Flails | 1 2 3 |  3.9
Polearms       | 1 2 3 |  3.9
Staves         | 1 2 3 |  3.9
Slings         | 1 2 3 |  3.9
Bows           | 1 2 3 |  3.9
Crossbows      | 1 2 3 |  3.9
Throwing       | 1 2 3 |  3.9
Dodging        | 1 2 3 |  3.9
Stealth        | 1 2 3 |  3.9
Unarmed Combat | 1 2 3 |  3.9
Spellcasting   | 1 2 3 |  3.9
Evocations     | 1 2 3 |  3.9
Conjurations   | 1 2 3 |  3.2
Hexes          | 1 2 3 |  3.2
Summonings     | 1 2 3 |  3.2
Necromancy     | 1 2 3 |  3.2
Translocations | 1 2 3 |  3.2
Transmutations | 1 2 3 |  3.2
Fire Magic     | 1 2 3 |  3.2
Ice Magic      | 1 2 3 |  3.2
Air Magic      | 1 2 3 |  3.2
Earth Magic    | 1 2 3 |  3.2
Poison Magic   | 1 2 3 |  3.2
Axes           | 5 6 |  6.1
Fighting       | 7 |  7.7
Armour         | 7 |  7.7
Shields        | 7 |  7.7

Action                   |  1- 3 |  4- 6 |  7- 9 || total
-------------------------+-------+-------+-------++-------
Melee: War axe           |    88 |    35 |       ||   123
       Bite              |     6 |    12 |    18 ||    36
       Falchion          |       |    65 |   148 ||   213
Throw: Dart              |       |       |    14 ||    14
       Stone             |       |       |     2 ||     2
Invok: Curse Item        |       |       |     1 ||     1
Evoke: Wand              |       |       |     2 ||     2
  Use: Scroll            |       |     4 |     2 ||     6
       Potion            |       |     1 |     5 ||     6
 Stab: Invisible         |       |     2 |       ||     2
Armor: Scale mail        |    31 |    35 |    97 ||   163
Dodge: Dodged            |    33 |    39 |    95 ||   167
Block: Buckler           |    20 |    22 |    47 ||    89

Levels and vault maps discovered:
D:1:      minmay_arrival_hallway, layout_basic, minivault_23
D:2:      minmay_skewed_foursquare, layout_basic, basic_altar
D:3:      layout_rooms, zin_angel, nicolae_overflow_hallway_of_the_gods,
          serial_corexii_hall, chequers_hall_statues_y, corexii_hall_statues_s,
          corexii_hall_statues_l, chequers_hall_statues_corner_a,
          ebering_ghost_gozag, dreamdust_ecumenical_altar_drowned_temple,
          small_statue_intersection
D:4:      layout_basic, mainiacjoe_overflow_brackets, kennysheep_little_box,
          supply_closet_lemuel, due_unseen_surprise, uniq_grinder, uniq_menkaure
D:5:      kennysheep_big_flooded_room, layout_basic, minmay_temple_entry_waves
D:6:      layout_basic, st_stairs_6
D:7:      layout_basic, feat_on_display, uniq_joseph

Notes
Turn   | Place    | Note
-------+----------+-------------------------------------------
     0 | D:1      | GrayStillPlays the Gnoll Fighter began the quest for the
                  | Orb.
     0 | D:1      | Reached XP level 1. HP: 23/23 MP: 1/1
     0 | D:1      | magus.rc [v1.9.6]
   274 | D:1      | Reached XP level 2. HP: 28/29 MP: 2/2
   282 | D:1      | You pick up a book of Maledictions and begin reading...
   282 | D:1      | You add the spells Tukima's Dance, Anguish and Enfeeble to
                  | your library.
  1055 | D:2      | Reached XP level 3. HP: 35/35 MP: 3/3
  1365 | D:2      | Reached skill level 1 in Invocations
  1469 | D:2      | Reached skill level 1 in Short Blades
  1469 | D:2      | Reached skill level 1 in Long Blades
  1469 | D:2      | Reached skill level 1 in Maces & Flails
  1469 | D:2      | Reached skill level 1 in Polearms
  1469 | D:2      | Reached skill level 1 in Staves
  1469 | D:2      | Reached skill level 1 in Slings
  1469 | D:2      | Reached skill level 1 in Bows
  1469 | D:2      | Reached skill level 1 in Crossbows
  1469 | D:2      | Reached skill level 1 in Throwing
  1469 | D:2      | Reached skill level 1 in Dodging
  1469 | D:2      | Reached skill level 1 in Stealth
  1469 | D:2      | Reached skill level 1 in Unarmed Combat
  1469 | D:2      | Reached skill level 1 in Spellcasting
  1469 | D:2      | Reached skill level 1 in Evocations
  1580 | D:2      | Found an opulent altar of Gozag.
  1790 | D:2      | Reached XP level 4. HP: 41/41 MP: 5/5
  2195 | D:3      | Found a runed translucent gate.
  2196 | D:3      | Found a runed translucent gate.
  2196 | D:3      | Found an opulent altar of Gozag.
  2197 | D:3      | Found a runed translucent gate.
  2198 | D:3      | Noticed HallandMoats's ghost (novice OpMo)
  2199 | D:3      | Noticed a bullfrog
  2223 | D:3      | Identified the +8 falchion "Mystuaj" {holy, rC++ rCorr
                  | Int+6}
  2362 | D:3      | Found a glowing silver altar of Zin.
  2362 | D:3      | Noticed an angel
  2483 | D:3      | Found a radiant altar of Vehumet.
  2486 | D:3      | Found a burning altar of Makhleb.
  2504 | D:3      | Found a hide-covered altar of Uskayaw.
  2504 | D:3      | Found a hazy altar of Hepliaklqana.
  2511 | D:3      | Found a broken altar of Ashenzari.
  2523 | D:3      | Reached skill level 1 in Conjurations
  2523 | D:3      | Reached skill level 1 in Hexes
  2523 | D:3      | Reached skill level 1 in Summonings
  2523 | D:3      | Reached skill level 1 in Necromancy
  2523 | D:3      | Reached skill level 1 in Translocations
  2523 | D:3      | Reached skill level 1 in Transmutations
  2523 | D:3      | Reached skill level 1 in Fire Magic
  2523 | D:3      | Reached skill level 1 in Ice Magic
  2523 | D:3      | Reached skill level 1 in Air Magic
  2523 | D:3      | Reached skill level 1 in Earth Magic
  2523 | D:3      | Reached skill level 1 in Poison Magic
  2529 | D:3      | Became a worshipper of Ashenzari the Shackled
  2588 | D:3      | Found a faded altar of an unknown god.
  2596 | D:3      | You pick up a book of Dreams and begin reading...
  2596 | D:3      | You add the spells Ensorcelled Hibernation and Spider Form
                  | to your library.
  2773 | D:4      | Noticed an ogre
  2960 | D:4      | Reached XP level 5. HP: 36/47 MP: 5/7
  3168 | D:4      | Noticed Grinder
  3174 | D:4      | Paralysed by Grinder for 2 turns
  3176 | D:4      | Killed Grinder
  3177 | D:4      | Reached skill level 2 in Short Blades
  3177 | D:4      | Reached skill level 2 in Long Blades
  3177 | D:4      | Reached skill level 5 in Axes
  3177 | D:4      | Reached skill level 2 in Maces & Flails
  3177 | D:4      | Reached skill level 2 in Polearms
  3177 | D:4      | Reached skill level 2 in Staves
  3177 | D:4      | Reached skill level 2 in Slings
  3177 | D:4      | Reached skill level 2 in Bows
  3177 | D:4      | Reached skill level 2 in Crossbows
  3177 | D:4      | Reached skill level 2 in Throwing
  3177 | D:4      | Reached skill level 2 in Dodging
  3177 | D:4      | Reached skill level 2 in Stealth
  3177 | D:4      | Reached skill level 2 in Unarmed Combat
  3177 | D:4      | Reached skill level 2 in Spellcasting
  3177 | D:4      | Reached skill level 2 in Invocations
  3177 | D:4      | Reached skill level 2 in Evocations
  3177 | D:4      | Reached XP level 6. HP: 50/53 MP: 7/9
  3209 | D:4      | Noticed a two-headed ogre
  3216 | D:4      | HP: 9/53 [two-headed ogre (20)]
  3591 | D:4      | Found a white marble altar of Elyvilon.
  3639 | D:4      | Noticed Menkaure
  3646 | D:4      | Killed Menkaure
  3647 | D:4      | Reached skill level 7 in Fighting
  3647 | D:4      | Reached skill level 7 in Armour
  3647 | D:4      | Reached skill level 7 in Shields
  3647 | D:4      | Reached XP level 7. HP: 45/60 MP: 10/10
  3736 | D:4      | Found a glowing golden altar of the Shining One.
  3934 | D:4      | Reached skill level 2 in Conjurations
  3934 | D:4      | Reached skill level 2 in Hexes
  3934 | D:4      | Reached skill level 2 in Summonings
  3934 | D:4      | Reached skill level 2 in Necromancy
  3934 | D:4      | Reached skill level 2 in Translocations
  3934 | D:4      | Reached skill level 2 in Transmutations
  3934 | D:4      | Reached skill level 2 in Fire Magic
  3934 | D:4      | Reached skill level 2 in Ice Magic
  3934 | D:4      | Reached skill level 2 in Air Magic
  3934 | D:4      | Reached skill level 2 in Earth Magic
  3934 | D:4      | Reached skill level 2 in Poison Magic
  4175 | D:5      | Entered Level 5 of the Dungeon
  4184 | D:5      | Found a staircase to the Ecumenical Temple.
  4290 | D:5      | Reached skill level 3 in Invocations
  4299 | D:5      | HP: 14/60 [poisoned by an orc wizard]
  4774 | D:5      | Reached XP level 8. HP: 65/67 MP: 12/12
  4778 | D:5      | You pick up a book of Weapons and begin reading...
  4778 | D:5      | You add the spells Portal Projectile, Excruciating Wounds
                  | and Blade Hands to your library.
  5034 | D:6      | Reached skill level 3 in Short Blades
  5034 | D:6      | Reached skill level 3 in Long Blades
  5034 | D:6      | Reached skill level 3 in Maces & Flails
  5034 | D:6      | Reached skill level 3 in Polearms
  5034 | D:6      | Reached skill level 3 in Staves
  5034 | D:6      | Reached skill level 3 in Slings
  5034 | D:6      | Reached skill level 3 in Bows
  5034 | D:6      | Reached skill level 3 in Crossbows
  5034 | D:6      | Reached skill level 3 in Throwing
  5034 | D:6      | Reached skill level 3 in Dodging
  5034 | D:6      | Reached skill level 3 in Stealth
  5034 | D:6      | Reached skill level 3 in Unarmed Combat
  5034 | D:6      | Reached skill level 3 in Spellcasting
  5034 | D:6      | Reached skill level 3 in Evocations
  5887 | D:7      | HP: 16/67 [killer bee (4)]
  5890 | D:7      | Reached skill level 3 in Conjurations
  5890 | D:7      | Reached skill level 3 in Hexes
  5890 | D:7      | Reached skill level 3 in Summonings
  5890 | D:7      | Reached skill level 3 in Necromancy
  5890 | D:7      | Reached skill level 3 in Translocations
  5890 | D:7      | Reached skill level 3 in Transmutations
  5890 | D:7      | Reached skill level 3 in Fire Magic
  5890 | D:7      | Reached skill level 3 in Ice Magic
  5890 | D:7      | Reached skill level 3 in Air Magic
  5890 | D:7      | Reached skill level 3 in Earth Magic
  5890 | D:7      | Reached skill level 3 in Poison Magic
  5890 | D:7      | Reached skill level 4 in Invocations
  5891 | D:7      | HP: 2/67 [killer bee (6)]
  5901 | D:7      | HP: 4/67 [iguana (10)]
  5914 | D:7      | HP: 1/67 [gnoll (6)]
  6056 | D:7      | Reached skill level 6 in Axes
  6339 | D:7      | Reached XP level 9. HP: 72/72 MP: 14/14
  6362 | D:7      | You add the spells Beastly Appendage and Freezing Cloud to
                  | your library.
  6362 | D:7      | Got the Papyrus of Lethal Moulding
  6429 | D:7      | Noticed Joseph
  6465 | D:7      | HP: 17/73 [Joseph/sling bullet (10)]
  6478 | D:7      | HP: 16/73 [Joseph/sling bullet (4)]
  6484 | D:7      | HP: 18/73 [Joseph (5)]
  6488 | D:7      | HP: 8/73 [Joseph (2)]
  6493 | D:7      | Slain by Joseph

Vanquished Creatures
  Grinder (D:4)
  A shadow (D:7)
  Menkaure (D:4)
  A hornet zombie (D:6)
  3 ogres
  2 centaurs
  3 scorpions
  5 killer bees (D:7)
  A bullfrog zombie (D:5)
  2 hounds (D:5)
  A jelly (D:4)
  A gnoll shaman (D:7)
  3 orc priests
  A bullfrog skeleton (D:5)
  3 iguanas
  An orc wizard (D:5)
  A killer bee zombie (D:5)
  2 gnolls (D:7)
  A howler monkey skeleton (D:7)
  4 adders
  An adder skeleton (D:4)
  2 worms
  A dart slug (D:2)
  16 orcs
  3 ball pythons
  2 bats (D:2)
  7 endoplasms
  9 goblins
  10 hobgoblins
  8 kobolds
  7 quokkas
  5 frilled lizards
  4 rats
  A spectral kobold (D:3)
114 creatures vanquished.

Table legend:
 A = Non-vault XP
 B = Vault XP
 C = Vault XP percentage of total XP
 D = Non-vault monster count
 E = Vault monster count
 F = Vault count percentage of total count
                 A         B        C        D         E       F
            +---------+---------+-------+---------+---------+-------
      Total |    2102 |     579 |  21.6 |     105 |       9 |   7.9
            +---------+---------+-------+---------+---------+-------
        D:1 |      29 |       0 |   0.0 |      18 |       0 |   0.0
        D:2 |      56 |       8 |  12.5 |      17 |       4 |  19.0
        D:3 |      49 |       1 |   2.0 |      18 |       1 |   5.3
        D:4 |     303 |     427 |  58.5 |      18 |       2 |  10.0
        D:5 |     277 |     143 |  34.0 |       6 |       2 |  25.0
        D:6 |     761 |       0 |   0.0 |      17 |       0 |   0.0
        D:7 |     627 |       0 |   0.0 |      11 |       0 |   0.0
            +---------+---------+-------+---------+---------+-------

Illustrated notes

Table legend:
 A = Kills in this place as a percentage of kills in entire the game.
 B = Kills by you in this place as a percentage of kills by you in the entire game.
 C = Kills by friends in this place as a percentage of kills by friends in the entire game.
 D = Other kills in this place as a percentage of other kills in the entire game.
 E = Experience gained in this place as a percentage of experience gained in the entire game.
 F = Experience gained in this place divided by the number of levels of this place that you have seen.
                   A       B       C       D       E      F
               +-------+-------+-------+-------+-------+----------------------
         Total | 100.0 | 100.0 |   N/A |   N/A | 100.0 | 383.0
       Dungeon | 100.0 | 100.0 |   N/A |   N/A | 100.0 | 383.0
               +-------+-------+-------+-------+-------+----------------------

Table legend: (Time is in decaauts)
 A = Elapsed time spent in this place.
 B = Non-inter-level travel time spent in this place.
 C = Inter-level travel time spent in this place.
 D = Time resting spent in this place.
 E = Time spent auto-exploring this place.
 F = Levels seen in this place.
 G = Mean time per level.
                   A        B        C        D        E       F      G
               +--------+--------+--------+--------+--------+-----+--------+
         Total |   6577 |   6313 |    264 |    844 |   3750 |   7 |  939.6 |
       Dungeon |   6577 |   6313 |    264 |    844 |   3750 |   7 |  939.6 |
               +--------+--------+--------+--------+--------+-----+--------+

Top non-repeatable levels by time:
     D:4: 1274 daAuts
     D:2: 1033 daAuts
     D:1: 1026 daAuts
     D:3: 903 daAuts
     D:5: 852 daAuts
     D:6: 783 daAuts
     D:7: 702 daAuts
